Connexion

Palm Springs Eager vs Comets

Created - 1 août 2023 at 07:21

Goals
1 2 3 T
Palm Springs Eager 1 0 1 2
Comets 1 2 0 3
Shots
1 2 3 T
Palm Springs Eager 14 6 6 26
Comets 17 22 10 49

GoalsPenalties
1st period
1. Comets , Michael Joly 1 (Griffin Reinhart 2, Michael Raffl 1) at 10:57
2. Palm Springs Eager , Nico Sturm 1 (Jonathan Toews 1) at 12:26
Radko Gudas (SEA) for Hooking (Minor) at 1:06
Radko Gudas (SEA) for Boarding (Minor) at 8:52
Kevin Czucman (UTI) for Hooking (Minor) at 17:35
2nd period
3. Comets , Chase De Leo 1 (Trevor Lewis 1, Josh Archibald 1) at 3:35
4. Comets , Chris Terry 2 (Oskar Lindblom 3, Brendan Smith 2) at 12:50 (PP)
Mike Hardman (SEA) for Holding (Minor) at 11:47
Nico Sturm (SEA) for Hooking (Minor) at 11:54
Anton Forsberg (SEA) for Delaying the game (Minor) at 17:21 - Saku Maenalanen served the penalty.
3rd period
5. Palm Springs Eager , Alexander Gordin 2 (Lias Andersson 2, Michael Anderson 1) at 8:30
Colin Miller (SEA) for Hooking (Minor) at 8:49
Trevor Lewis (UTI) for Hooking (Minor) at 18:44
Goalie Stats
Anton Forsberg (SEA), 46 saves from 49 shots - (0,939), L, 0-2-0, 59:00 minutes
David Rittich (UTI), 24 saves from 26 shots - (0,923), W, 2-0-0, 60:00 minutes
3 StarsOfficial
1 - Anton Forsberg (SEA)
2 - Brendan Smith (UTI)
3 - Michael Joly (UTI)
Referees : Rob Shick and Frederick L'Ecuyer
Linesman : Derek Nansen and Tim Nowak
Game Note
No Game Note
Finance
Level 1 -- Attendance: 1937 (96,85%) -- Ticket Income 67 795 $
Level 2 -- Attendance: 1000 (100,00%) -- Ticket Income 15 000 $
Total Attendance: 2937 (97,90%)
Total Ticket Income: 82 795 $
Other Income: 16 559 $
Total Income: 99 354 $



Team Name Goals Shots Shots Attemp Shots Blocked PIM HIT PP PK FO%
Palm Springs Eager 226501212260 / 2 (0%)148%
Comets 3499054261 / 6 (17%)052%

Palm Springs Eager
Player Name POS G A P +/- PIM HIT SHT SB MP PP MP PP SHT PK MP PK SHT FO% FOT
Alexander CampbellC/LW000000003:050:0000:0000% 0
Alexander GordinC/RW101-1012013:400:0000:000100% 1
Colin MillerD000-1252315:450:0002:1600% 0
Gavin BayreutherD0001031020:300:5214:2300% 0
Jonathan ToewsC0111004027:252:4016:30053% 38
Lias AnderssonC011-1021013:400:0000:00044% 16
Michael AndersonD011-1010013:300:0000:0000% 0
Mike HardmanC/LW/RW0001204120:542:4013:0500% 0
Nico SturmC/LW1011214122:162:4024:26075% 4
Nikita NesterenkoC/LW/RW0000040015:230:3400:0000% 1
Radko GudasD0000451123:422:2203:2300% 0
Riley DuranC000000000:000:0000:0000% 0
Rodion AmirovLW000-1000013:400:0000:0000% 1
Ryan GravesD0000011226:092:2215:4800% 0
Saku MaenalanenC/LW/RW0000002116:010:3400:38050% 4
Scott MayfieldD0001031320:210:5214:1400% 0
Scott ReedyC000000104:390:0001:34050% 4
Steven LorentzC/LW0000002018:170:3402:54041% 27
Comets
Player Name POS G A P +/- PIM HIT SHT SB MP PP MP PP SHT PK MP PK SHT FO% FOT
Brandon DavidsonD000-1012124:085:0321:4400% 0
Brendan SmithD0110070122:144:5901:3000% 0
Chase De LeoC/LW1010006218:485:0620:1400% 2
Chris TerryLW/RW101-1002022:584:5610:56050% 4
Cliff PuRW000000105:170:0000:000100% 1
Dennis YanLW000000205:570:0000:4000% 1
Derek RyanC000-1007024:064:5612:04059% 34
Frederik GauthierC0001003010:530:0000:00064% 11
Griffin ReinhartD0111023013:380:0000:0000% 0
Josh ArchibaldRW0110074018:345:0600:0000% 0
Kevin CzucmanD0001200013:370:0000:0000% 0
Markus NiemelainenD000-1042024:085:0321:4400% 0
Matt BartkowskiD0000014122:144:5921:3000% 0
Michael JolyRW1011012010:530:0000:00050% 2
Michael RafflLW/RW0111011010:530:0000:000100% 1
Oskar LindblomLW/RW011-1026024:064:5622:04057% 7
Santeri VirtanenC000000005:170:0000:00020% 5
Trevor LewisC/RW0110204019:035:0610:30046% 28



Play-by-Play

1st period


0:01 of 1st period - Derek Ryan wins face-off versus Jonathan Toews in neutral zone.
0:10 of 1st period - Shot by Radko Gudas.
0:10 of 1st period - Stopped by David Rittich without a rebound.
0:11 of 1st period - Steven Lorentz wins face-off versus Trevor Lewis in Comets zone.
0:11 of 1st period - Gavin Bayreuther is hit by Brendan Smith and loses puck.
0:15 of 1st period - Icing by Brendan Smith.
0:16 of 1st period - Alexander Gordin wins face-off versus Trevor Lewis in Comets zone.
0:28 of 1st period - Shot by Trevor Lewis.
0:28 of 1st period - Shot Misses the Net.
0:33 of 1st period - Shot by Josh Archibald.
0:33 of 1st period - Stopped by Anton Forsberg without a rebound.
0:34 of 1st period - Saku Maenalanen wins face-off versus Michael Joly in Palm Springs Eager zone.
0:52 of 1st period - Shot by Frederik Gauthier.
0:52 of 1st period - Stopped by Anton Forsberg without a rebound.
0:53 of 1st period - Jonathan Toews wins face-off versus Derek Ryan in Palm Springs Eager zone.
1:06 of 1st period - Shot by Derek Ryan.
1:06 of 1st period - Stopped by Anton Forsberg without a rebound.
1:06 of 1st period - Minor Penalty to Radko Gudas for Hooking.
1:07 of 1st period - Jonathan Toews wins face-off versus Trevor Lewis in Palm Springs Eager zone.
1:07 of 1st period - Ryan Graves is hit by Josh Archibald and loses puck.
1:58 of 1st period - Shot by Oskar Lindblom.
1:58 of 1st period - Stopped by Anton Forsberg without a rebound.
1:59 of 1st period - Derek Ryan wins face-off versus Steven Lorentz in Palm Springs Eager zone.
2:01 of 1st period - Chris Terry is hit by Scott Mayfield and loses puck.
2:08 of 1st period - Shot by Brandon Davidson.
2:08 of 1st period - Stopped by Anton Forsberg with a rebound.
2:10 of 1st period - Shot by Brandon Davidson.
2:10 of 1st period - Shot Misses the Net.
2:12 of 1st period - Shot by Derek Ryan.
2:12 of 1st period - Shot Misses the Net.
2:14 of 1st period - Shot by Brandon Davidson.
2:14 of 1st period - Stopped by Anton Forsberg without a rebound.
2:15 of 1st period - Steven Lorentz wins face-off versus Derek Ryan in Palm Springs Eager zone.
2:36 of 1st period - Shot by Chris Terry.
2:36 of 1st period - Shot Blocked by Scott Mayfield.
3:02 of 1st period - Shot by Josh Archibald.
3:02 of 1st period - Deflect By Chase De Leo.
3:02 of 1st period - Stopped by Anton Forsberg without a rebound.
3:03 of 1st period - Trevor Lewis wins face-off versus Steven Lorentz in Palm Springs Eager zone.
3:14 of 1st period - Shot by Rodion Amirov.
3:14 of 1st period - Deflect By Lias Andersson.
3:14 of 1st period - Shot Misses the Net.
3:26 of 1st period - Rodion Amirov is hit by Griffin Reinhart and loses puck.
3:35 of 1st period - Shot by Dennis Yan.
3:35 of 1st period - Deflect By Cliff Pu.
3:35 of 1st period - Shot Misses the Net.
3:37 of 1st period - Shot by Griffin Reinhart.
3:37 of 1st period - Stopped by Anton Forsberg without a rebound.
3:38 of 1st period - Trevor Lewis wins face-off versus Steven Lorentz in Palm Springs Eager zone.
3:41 of 1st period - Shot by Josh Archibald.
3:41 of 1st period - Stopped by Anton Forsberg without a rebound.
3:42 of 1st period - Chris Terry wins face-off versus Jonathan Toews in Palm Springs Eager zone.
3:48 of 1st period - Oskar Lindblom is hit by Gavin Bayreuther and loses puck.
4:56 of 1st period - Shot by Chase De Leo.
4:56 of 1st period - Shot Blocked by Colin Miller.
5:08 of 1st period - Shot by Saku Maenalanen.
5:08 of 1st period - Stopped by David Rittich without a rebound.
5:09 of 1st period - Frederik Gauthier wins face-off versus Rodion Amirov in Comets zone.
5:09 of 1st period - Michael Raffl is hit by Lias Andersson and loses puck.
5:13 of 1st period - Icing by Griffin Reinhart.
5:14 of 1st period - Michael Raffl wins face-off versus Lias Andersson in Comets zone.
5:14 of 1st period - Michael Raffl is hit by Radko Gudas.
5:46 of 1st period - Shot by Frederik Gauthier.
5:46 of 1st period - Stopped by Anton Forsberg without a rebound.
5:47 of 1st period - Jonathan Toews wins face-off versus Trevor Lewis in Palm Springs Eager zone.
5:47 of 1st period - Jonathan Toews is hit by Josh Archibald.
6:19 of 1st period - Shot by Jonathan Toews.
6:19 of 1st period - Shot Blocked by Chase De Leo.
6:21 of 1st period - Shot by Nico Sturm.
6:21 of 1st period - Stopped by David Rittich without a rebound.
6:22 of 1st period - Derek Ryan wins face-off versus Nikita Nesterenko in Comets zone.
6:50 of 1st period - Radko Gudas is hit by Oskar Lindblom and loses puck.
7:30 of 1st period - Icing by Derek Ryan.
7:31 of 1st period - Derek Ryan wins face-off versus Jonathan Toews in Comets zone.
8:04 of 1st period - Shot by Trevor Lewis.
8:04 of 1st period - Shot Blocked by Mike Hardman.
8:15 of 1st period - Shot by Josh Archibald.
8:15 of 1st period - Shot Blocked by Nico Sturm.
8:30 of 1st period - Icing by Nico Sturm.
8:31 of 1st period - Frederik Gauthier wins face-off versus Jonathan Toews in Palm Springs Eager zone.
8:39 of 1st period - Icing by Gavin Bayreuther.
8:40 of 1st period - Jonathan Toews wins face-off versus Santeri Virtanen in Palm Springs Eager zone.
8:44 of 1st period - Off-side.
8:45 of 1st period - Steven Lorentz wins face-off versus Frederik Gauthier in neutral zone.
8:51 of 1st period - Griffin Reinhart is hit by Radko Gudas and loses puck.
8:52 of 1st period - Minor Penalty to Radko Gudas for Boarding.
8:53 of 1st period - Derek Ryan wins face-off versus Jonathan Toews in Palm Springs Eager zone.
8:53 of 1st period - Chris Terry is hit by Colin Miller and loses puck.
9:00 of 1st period - Shot by Oskar Lindblom.
9:00 of 1st period - Stopped by Anton Forsberg without a rebound.
9:01 of 1st period - Jonathan Toews wins face-off versus Derek Ryan in Palm Springs Eager zone.
9:31 of 1st period - Derek Ryan is hit by Colin Miller and loses puck.
9:34 of 1st period - Shot by Brandon Davidson.
9:34 of 1st period - Shot Blocked by Colin Miller.
10:13 of 1st period - Icing by Brendan Smith.
10:14 of 1st period - Jonathan Toews wins face-off versus Chase De Leo in Comets zone.
10:14 of 1st period - Gavin Bayreuther is hit by Brendan Smith and loses puck.
10:57 of 1st period - Shot by Michael Joly.
10:57 of 1st period - Goal by Michael Joly - Palm Springs Eager : 0 - Comets : 1.
10:58 of 1st period - Steven Lorentz wins face-off versus Frederik Gauthier in neutral zone.
11:25 of 1st period - Shot by Michael Raffl.
11:25 of 1st period - Deflect By Frederik Gauthier.
11:25 of 1st period - Stopped by Anton Forsberg with a rebound.
11:43 of 1st period - Michael Raffl is hit by Nikita Nesterenko and loses puck.
12:03 of 1st period - Derek Ryan is hit by Ryan Graves and loses puck.
12:09 of 1st period - Off-side.
12:10 of 1st period - Trevor Lewis wins face-off versus Lias Andersson in neutral zone.
12:17 of 1st period - Shot by Chase De Leo.
12:17 of 1st period - Shot Blocked by Colin Miller.
12:19 of 1st period - Shot by Chase De Leo.
12:19 of 1st period - Stopped by Anton Forsberg without a rebound.
12:20 of 1st period - Jonathan Toews wins face-off versus Derek Ryan in Palm Springs Eager zone.
12:20 of 1st period - Jonathan Toews is hit by Markus Niemelainen.
12:26 of 1st period - Shot by Nico Sturm.
12:26 of 1st period - Goal by Nico Sturm - Palm Springs Eager : 1 - Comets : 1.
12:27 of 1st period - Jonathan Toews wins face-off versus Derek Ryan in neutral zone.
12:33 of 1st period - Derek Ryan is hit by Colin Miller and loses puck.
12:57 of 1st period - Derek Ryan is hit by Michael Anderson and loses puck.
13:38 of 1st period - Shot by Rodion Amirov.
13:38 of 1st period - Shot Misses the Net.
13:40 of 1st period - Shot by Alexander Gordin.
13:40 of 1st period - Stopped by David Rittich without a rebound.
13:41 of 1st period - Lias Andersson wins face-off versus Dennis Yan in Comets zone.
13:49 of 1st period - Icing by Kevin Czucman.
13:50 of 1st period - Steven Lorentz wins face-off versus Santeri Virtanen in Comets zone.
14:45 of 1st period - Icing by Alexander Gordin.
14:46 of 1st period - Derek Ryan wins face-off versus Lias Andersson in Palm Springs Eager zone.
14:52 of 1st period - Derek Ryan is hit by Gavin Bayreuther and loses puck.
15:00 of 1st period - Off-side.
15:01 of 1st period - Jonathan Toews wins face-off versus Trevor Lewis in neutral zone.
15:10 of 1st period - Shot by Nico Sturm.
15:10 of 1st period - Shot Misses the Net.
15:12 of 1st period - Shot by Mike Hardman.
15:12 of 1st period - Shot Misses the Net.
15:14 of 1st period - Shot by Nico Sturm.
15:14 of 1st period - Deflect By Jonathan Toews.
15:14 of 1st period - Stopped by David Rittich without a rebound.
15:15 of 1st period - Oskar Lindblom wins face-off versus Lias Andersson in Comets zone.
15:20 of 1st period - Shot by Derek Ryan.
15:20 of 1st period - Stopped by Anton Forsberg with a rebound.
15:22 of 1st period - Shot by Oskar Lindblom.
15:22 of 1st period - Shot Misses the Net.
15:24 of 1st period - Shot by Oskar Lindblom.
15:24 of 1st period - Stopped by Anton Forsberg without a rebound.
15:25 of 1st period - Jonathan Toews wins face-off versus Trevor Lewis in Palm Springs Eager zone.
15:44 of 1st period - Shot by Jonathan Toews.
15:44 of 1st period - Shot Blocked by Brendan Smith.
15:46 of 1st period - Shot by Mike Hardman.
15:46 of 1st period - Stopped by David Rittich without a rebound.
15:47 of 1st period - Derek Ryan wins face-off versus Steven Lorentz in Comets zone.
15:47 of 1st period - Derek Ryan is hit by Nikita Nesterenko.
17:25 of 1st period - Icing by Radko Gudas.
17:26 of 1st period - Frederik Gauthier wins face-off versus Jonathan Toews in Palm Springs Eager zone.
17:27 of 1st period - Shot by Griffin Reinhart.
17:27 of 1st period - Stopped by Anton Forsberg with a rebound.
17:35 of 1st period - Minor Penalty to Kevin Czucman for Hooking.
17:36 of 1st period - Jonathan Toews wins face-off versus Oskar Lindblom in Comets zone.
17:36 of 1st period - Jonathan Toews is hit by Brandon Davidson.
17:38 of 1st period - Shot by Ryan Graves.
17:38 of 1st period - Shot Misses the Net.
17:40 of 1st period - Shot by Mike Hardman.
17:40 of 1st period - Shot Misses the Net.
17:44 of 1st period - Shot by Jonathan Toews.
17:44 of 1st period - Stopped by David Rittich with a rebound.
17:46 of 1st period - Shot by Ryan Graves.
17:46 of 1st period - Stopped by David Rittich with a rebound.
17:48 of 1st period - Shot by Nico Sturm.
17:48 of 1st period - Stopped by David Rittich without a rebound.
17:49 of 1st period - Oskar Lindblom wins face-off versus Jonathan Toews in Comets zone.
18:08 of 1st period - Shot by Nico Sturm.
18:08 of 1st period - Stopped by David Rittich without a rebound.
18:09 of 1st period - Oskar Lindblom wins face-off versus Jonathan Toews in Comets zone.
18:20 of 1st period - Shot by Mike Hardman.
18:20 of 1st period - Stopped by David Rittich with a rebound.
18:22 of 1st period - Shot by Scott Mayfield.
18:22 of 1st period - Stopped by David Rittich without a rebound.
18:23 of 1st period - Chris Terry wins face-off versus Steven Lorentz in Comets zone.
19:22 of 1st period - Shot by Gavin Bayreuther.
19:22 of 1st period - Stopped by David Rittich with a rebound.
Goals for this period are 1 for Palm Springs Eager vs 1 for Comets.
Shots for this period are 14 for Palm Springs Eager vs 17 for Comets.

2nd period


0:01 of 2nd period - Derek Ryan wins face-off versus Jonathan Toews in neutral zone.
0:04 of 2nd period - Shot by Oskar Lindblom.
0:04 of 2nd period - Stopped by Anton Forsberg without a rebound.
0:05 of 2nd period - Derek Ryan wins face-off versus Jonathan Toews in Palm Springs Eager zone.
0:21 of 2nd period - Derek Ryan is hit by Radko Gudas and loses puck.
0:38 of 2nd period - Shot by Derek Ryan.
0:38 of 2nd period - Shot Blocked by Ryan Graves.
0:40 of 2nd period - Shot by Oskar Lindblom.
0:40 of 2nd period - Deflect By Chris Terry.
0:40 of 2nd period - Stopped by Anton Forsberg without a rebound.
0:41 of 2nd period - Steven Lorentz wins face-off versus Trevor Lewis in Palm Springs Eager zone.
0:41 of 2nd period - Steven Lorentz is hit by Josh Archibald.
0:47 of 2nd period - Shot by Steven Lorentz.
0:47 of 2nd period - Stopped by David Rittich without a rebound.
0:48 of 2nd period - Steven Lorentz wins face-off versus Trevor Lewis in Comets zone.
1:08 of 2nd period - Off-side.
1:09 of 2nd period - Nico Sturm wins face-off versus Derek Ryan in neutral zone.
1:22 of 2nd period - Shot by Jonathan Toews.
1:22 of 2nd period - Stopped by David Rittich without a rebound.
1:23 of 2nd period - Lias Andersson wins face-off versus Trevor Lewis in Comets zone.
1:23 of 2nd period - Lias Andersson is hit by Brendan Smith.
1:32 of 2nd period - Rodion Amirov is hit by Matt Bartkowski and loses puck.
1:43 of 2nd period - Shot by Josh Archibald.
1:43 of 2nd period - Stopped by Anton Forsberg without a rebound.
1:44 of 2nd period - Jonathan Toews wins face-off versus Derek Ryan in Palm Springs Eager zone.
2:24 of 2nd period - Shot by Oskar Lindblom.
2:24 of 2nd period - Shot Misses the Net.
2:40 of 2nd period - Off-side.
2:41 of 2nd period - Frederik Gauthier wins face-off versus Steven Lorentz in neutral zone.
2:56 of 2nd period - Off-side.
2:57 of 2nd period - Lias Andersson wins face-off versus Trevor Lewis in neutral zone.
3:09 of 2nd period - Shot by Chase De Leo.
3:09 of 2nd period - Shot Misses the Net.
3:18 of 2nd period - Chase De Leo is hit by Colin Miller and loses puck.
3:35 of 2nd period - Shot by Chase De Leo.
3:35 of 2nd period - Goal by Chase De Leo - Palm Springs Eager : 1 - Comets : 2.
3:36 of 2nd period - Derek Ryan wins face-off versus Steven Lorentz in neutral zone.
3:45 of 2nd period - Shot by Derek Ryan.
3:45 of 2nd period - Stopped by Anton Forsberg without a rebound.
3:46 of 2nd period - Frederik Gauthier wins face-off versus Jonathan Toews in Palm Springs Eager zone.
3:49 of 2nd period - Shot by Michael Joly.
3:49 of 2nd period - Stopped by Anton Forsberg without a rebound.
3:50 of 2nd period - Derek Ryan wins face-off versus Nico Sturm in Palm Springs Eager zone.
5:04 of 2nd period - Nikita Nesterenko is hit by Brendan Smith and loses puck.
5:12 of 2nd period - Steven Lorentz is hit by Brendan Smith.
5:44 of 2nd period - Shot by Michael Anderson.
5:44 of 2nd period - Shot Blocked by Matt Bartkowski.
5:49 of 2nd period - Lias Andersson is hit by Brendan Smith and loses puck.
6:04 of 2nd period - Lias Andersson is hit by Michael Raffl and loses puck.
6:30 of 2nd period - Jonathan Toews is hit by Brendan Smith.
6:34 of 2nd period - Shot by Scott Reedy.
6:34 of 2nd period - Shot Misses the Net.
7:12 of 2nd period - Shot by Steven Lorentz.
7:12 of 2nd period - Stopped by David Rittich without a rebound.
7:13 of 2nd period - Jonathan Toews wins face-off versus Chris Terry in Comets zone.
7:13 of 2nd period - Nico Sturm is hit by Markus Niemelainen and loses puck.
7:17 of 2nd period - Icing by Oskar Lindblom.
7:18 of 2nd period - Derek Ryan wins face-off versus Lias Andersson in Comets zone.
7:27 of 2nd period - Shot by Lias Andersson.
7:27 of 2nd period - Shot Misses the Net.
7:59 of 2nd period - Off-side.
8:00 of 2nd period - Nico Sturm wins face-off versus Chase De Leo in neutral zone.
8:28 of 2nd period - Nico Sturm is hit by Griffin Reinhart and loses puck.
9:17 of 2nd period - Nikita Nesterenko is hit by Markus Niemelainen and loses puck.
9:40 of 2nd period - Off-side.
9:41 of 2nd period - Lias Andersson wins face-off versus Derek Ryan in neutral zone.
9:46 of 2nd period - Shot by Rodion Amirov.
9:46 of 2nd period - Shot Misses the Net.
10:09 of 2nd period - Oskar Lindblom is hit by Alexander Gordin and loses puck.
11:00 of 2nd period - Shot by Jonathan Toews.
11:00 of 2nd period - Shot Misses the Net.
11:07 of 2nd period - Off-side.
11:08 of 2nd period - Trevor Lewis wins face-off versus Saku Maenalanen in neutral zone.
11:22 of 2nd period - Shot by Chase De Leo.
11:22 of 2nd period - Stopped by Anton Forsberg with a rebound.
11:24 of 2nd period - Shot by Matt Bartkowski.
11:24 of 2nd period - Stopped by Anton Forsberg with a rebound.
11:26 of 2nd period - Shot by Brendan Smith.
11:26 of 2nd period - Shot Misses the Net.
11:28 of 2nd period - Shot by Trevor Lewis.
11:28 of 2nd period - Stopped by Anton Forsberg without a rebound.
11:29 of 2nd period - Santeri Virtanen wins face-off versus Jonathan Toews in Palm Springs Eager zone.
11:29 of 2nd period - Brandon Davidson is hit by Colin Miller and loses puck.
11:40 of 2nd period - Shot by Jonathan Toews.
11:40 of 2nd period - Shot Misses the Net.
11:42 of 2nd period - Shot by Colin Miller.
11:42 of 2nd period - Stopped by David Rittich with a rebound.
11:47 of 2nd period - Minor Penalty to Mike Hardman for Holding.
11:48 of 2nd period - Jonathan Toews wins face-off versus Trevor Lewis in Palm Springs Eager zone.
11:54 of 2nd period - Minor Penalty to Nico Sturm for Hooking.
11:55 of 2nd period - Trevor Lewis wins face-off versus Jonathan Toews in Palm Springs Eager zone.
12:24 of 2nd period - Shot by Markus Niemelainen.
12:24 of 2nd period - Shot Misses the Net.
12:35 of 2nd period - Shot by Markus Niemelainen.
12:35 of 2nd period - Stopped by Anton Forsberg without a rebound.
12:36 of 2nd period - Scott Reedy wins face-off versus Chris Terry in Palm Springs Eager zone.
12:42 of 2nd period - Icing by Oskar Lindblom.
12:43 of 2nd period - Derek Ryan wins face-off versus Jonathan Toews in Comets zone.
12:48 of 2nd period - Shot by Oskar Lindblom.
12:48 of 2nd period - Shot Misses the Net.
12:50 of 2nd period - Shot by Chris Terry.
12:50 of 2nd period - Goal by Chris Terry - Palm Springs Eager : 1 - Comets : 3.
12:51 of 2nd period - Jonathan Toews wins face-off versus Derek Ryan in neutral zone.
13:20 of 2nd period - Shot by Matt Bartkowski.
13:20 of 2nd period - Stopped by Anton Forsberg without a rebound.
13:21 of 2nd period - Jonathan Toews wins face-off versus Trevor Lewis in Palm Springs Eager zone.
13:21 of 2nd period - Jonathan Toews is hit by Josh Archibald.
13:33 of 2nd period - Scott Reedy is hit by Josh Archibald.
13:42 of 2nd period - Shot by Markus Niemelainen.
13:42 of 2nd period - Stopped by Anton Forsberg without a rebound.
13:43 of 2nd period - Saku Maenalanen wins face-off versus Derek Ryan in Palm Springs Eager zone.
14:26 of 2nd period - Shot by Lias Andersson.
14:26 of 2nd period - Stopped by David Rittich without a rebound.
14:27 of 2nd period - Steven Lorentz wins face-off versus Oskar Lindblom in Comets zone.
14:28 of 2nd period - Shot by Saku Maenalanen.
14:28 of 2nd period - Stopped by David Rittich without a rebound.
14:29 of 2nd period - Derek Ryan wins face-off versus Steven Lorentz in Comets zone.
14:36 of 2nd period - Shot by Chris Terry.
14:36 of 2nd period - Shot Blocked by Saku Maenalanen.
14:38 of 2nd period - Shot by Chris Terry.
14:38 of 2nd period - Shot Hit the Post.
14:40 of 2nd period - Shot by Derek Ryan.
14:40 of 2nd period - Shot Misses the Net.
14:46 of 2nd period - Shot by Derek Ryan.
14:46 of 2nd period - Shot Misses the Net.
14:48 of 2nd period - Shot by Oskar Lindblom.
14:48 of 2nd period - Stopped by Anton Forsberg without a rebound.
14:49 of 2nd period - Jonathan Toews wins face-off versus Trevor Lewis in Palm Springs Eager zone.
14:49 of 2nd period - Jonathan Toews is hit by Josh Archibald.
14:58 of 2nd period - Icing by Matt Bartkowski.
14:59 of 2nd period - Trevor Lewis wins face-off versus Scott Reedy in Comets zone.
15:12 of 2nd period - Shot by Josh Archibald.
15:12 of 2nd period - Shot Misses the Net.
15:14 of 2nd period - Shot by Matt Bartkowski.
15:14 of 2nd period - Stopped by Anton Forsberg without a rebound.
15:15 of 2nd period - Derek Ryan wins face-off versus Steven Lorentz in Palm Springs Eager zone.
15:20 of 2nd period - Shot by Derek Ryan.
15:20 of 2nd period - Stopped by Anton Forsberg with a rebound.
15:36 of 2nd period - Shot by Derek Ryan.
15:36 of 2nd period - Shot Misses the Net.
15:38 of 2nd period - Shot by Brandon Davidson.
15:38 of 2nd period - Shot Hit the Post.
15:40 of 2nd period - Shot by Oskar Lindblom.
15:40 of 2nd period - Stopped by Anton Forsberg without a rebound.
15:41 of 2nd period - Jonathan Toews wins face-off versus Trevor Lewis in Palm Springs Eager zone.
15:41 of 2nd period - Jonathan Toews is hit by Josh Archibald.
16:05 of 2nd period - Shot by Nico Sturm.
16:05 of 2nd period - Shot Misses the Net.
17:05 of 2nd period - Shot by Derek Ryan.
17:05 of 2nd period - Stopped by Anton Forsberg without a rebound.
17:06 of 2nd period - Frederik Gauthier wins face-off versus Steven Lorentz in Palm Springs Eager zone.
17:21 of 2nd period - Shot by Michael Raffl.
17:21 of 2nd period - Stopped by Anton Forsberg without a rebound.
17:21 of 2nd period - Minor Penalty to Anton Forsberg for Delaying the game.
17:22 of 2nd period - Derek Ryan wins face-off versus Jonathan Toews in Palm Springs Eager zone.
17:42 of 2nd period - Icing by Brandon Davidson.
17:43 of 2nd period - Jonathan Toews wins face-off versus Oskar Lindblom in Comets zone.
18:51 of 2nd period - Shot by Chase De Leo.
18:51 of 2nd period - Stopped by Anton Forsberg with a rebound.
18:55 of 2nd period - Shot by Josh Archibald.
18:55 of 2nd period - Deflect By Trevor Lewis.
18:55 of 2nd period - Stopped by Anton Forsberg without a rebound.
18:56 of 2nd period - Derek Ryan wins face-off versus Steven Lorentz in Palm Springs Eager zone.
18:56 of 2nd period - Derek Ryan is hit by Radko Gudas.
19:00 of 2nd period - Shot by Brandon Davidson.
19:00 of 2nd period - Shot Misses the Net.
19:02 of 2nd period - Shot by Derek Ryan.
19:02 of 2nd period - Shot Misses the Net.
19:04 of 2nd period - Shot by Derek Ryan.
19:04 of 2nd period - Stopped by Anton Forsberg without a rebound.
19:05 of 2nd period - Trevor Lewis wins face-off versus Steven Lorentz in Palm Springs Eager zone.
19:26 of 2nd period - Shot by Kevin Czucman.
19:26 of 2nd period - Shot Misses the Net.
19:40 of 2nd period - Colin Miller is hit by Michael Joly and loses puck.
Goals for this period are 0 for Palm Springs Eager vs 2 for Comets.
Shots for this period are 6 for Palm Springs Eager vs 22 for Comets.

3rd period


0:01 of 3rd period - Nico Sturm wins face-off versus Derek Ryan in neutral zone.
0:43 of 3rd period - Icing by Markus Niemelainen.
0:44 of 3rd period - Steven Lorentz wins face-off versus Derek Ryan in Comets zone.
0:44 of 3rd period - Saku Maenalanen is hit by Markus Niemelainen and loses puck.
1:44 of 3rd period - Icing by Matt Bartkowski.
1:45 of 3rd period - Trevor Lewis wins face-off versus Jonathan Toews in Comets zone.
1:45 of 3rd period - Trevor Lewis is hit by Nico Sturm.
1:59 of 3rd period - Shot by Jonathan Toews.
1:59 of 3rd period - Stopped by David Rittich without a rebound.
2:00 of 3rd period - Lias Andersson wins face-off versus Santeri Virtanen in Comets zone.
2:54 of 3rd period - Oskar Lindblom is hit by Lias Andersson and loses puck.
3:12 of 3rd period - Chris Terry is hit by Radko Gudas and loses puck.
3:41 of 3rd period - Shot by Mike Hardman.
3:41 of 3rd period - Stopped by David Rittich without a rebound.
3:42 of 3rd period - Trevor Lewis wins face-off versus Steven Lorentz in Comets zone.
3:42 of 3rd period - Chase De Leo is hit by Nikita Nesterenko and loses puck.
3:52 of 3rd period - Trevor Lewis is hit by Scott Mayfield and loses puck.
3:55 of 3rd period - Shot by Josh Archibald.
3:55 of 3rd period - Stopped by Anton Forsberg with a rebound.
3:57 of 3rd period - Shot by Trevor Lewis.
3:57 of 3rd period - Stopped by Anton Forsberg with a rebound.
3:59 of 3rd period - Shot by Trevor Lewis.
3:59 of 3rd period - Stopped by Anton Forsberg without a rebound.
4:00 of 3rd period - Frederik Gauthier wins face-off versus Scott Reedy in Palm Springs Eager zone.
4:19 of 3rd period - Shot by Scott Reedy.
4:19 of 3rd period - Stopped by David Rittich without a rebound.
4:20 of 3rd period - Trevor Lewis wins face-off versus Steven Lorentz in Comets zone.
4:20 of 3rd period - Trevor Lewis is hit by Nikita Nesterenko.
5:21 of 3rd period - Icing by Saku Maenalanen.
5:22 of 3rd period - Michael Joly wins face-off versus Saku Maenalanen in Palm Springs Eager zone.
5:36 of 3rd period - Griffin Reinhart is hit by Gavin Bayreuther and loses puck.
5:43 of 3rd period - Shot by Griffin Reinhart.
5:43 of 3rd period - Shot Misses the Net.
6:11 of 3rd period - Shot by Brandon Davidson.
6:11 of 3rd period - Shot Blocked by Scott Mayfield.
6:24 of 3rd period - Derek Ryan is hit by Scott Mayfield and loses puck.
6:29 of 3rd period - Shot by Chris Terry.
6:29 of 3rd period - Shot Misses the Net.
6:31 of 3rd period - Shot by Derek Ryan.
6:31 of 3rd period - Shot Misses the Net.
6:47 of 3rd period - Mike Hardman is hit by Oskar Lindblom and loses puck.
7:17 of 3rd period - Shot by Chase De Leo.
7:17 of 3rd period - Stopped by Anton Forsberg without a rebound.
7:18 of 3rd period - Cliff Pu wins face-off versus Lias Andersson in Palm Springs Eager zone.
7:33 of 3rd period - Shot by Dennis Yan.
7:33 of 3rd period - Stopped by Anton Forsberg with a rebound.
7:35 of 3rd period - Shot by Cliff Pu.
7:35 of 3rd period - Stopped by Anton Forsberg without a rebound.
7:36 of 3rd period - Trevor Lewis wins face-off versus Steven Lorentz in Palm Springs Eager zone.
7:37 of 3rd period - Shot by Chase De Leo.
7:37 of 3rd period - Shot Blocked by Radko Gudas.
7:46 of 3rd period - Shot by Ryan Graves.
7:46 of 3rd period - Shot Misses the Net.
8:06 of 3rd period - Shot by Nikita Nesterenko.
8:06 of 3rd period - Shot Blocked by Chase De Leo.
8:08 of 3rd period - Shot by Radko Gudas.
8:08 of 3rd period - Shot Misses the Net.
8:28 of 3rd period - Shot by Lias Andersson.
8:28 of 3rd period - Shot Misses the Net.
8:30 of 3rd period - Shot by Alexander Gordin.
8:30 of 3rd period - Goal by Alexander Gordin - Palm Springs Eager : 2 - Comets : 3.
8:31 of 3rd period - Lias Andersson wins face-off versus Derek Ryan in neutral zone.
8:39 of 3rd period - Icing by Brandon Davidson.
8:40 of 3rd period - Derek Ryan wins face-off versus Lias Andersson in Comets zone.
8:49 of 3rd period - Minor Penalty to Colin Miller for Hooking.
8:50 of 3rd period - Jonathan Toews wins face-off versus Derek Ryan in Palm Springs Eager zone.
9:13 of 3rd period - Shot by Oskar Lindblom.
9:13 of 3rd period - Shot Misses the Net.
9:15 of 3rd period - Shot by Markus Niemelainen.
9:15 of 3rd period - Shot Blocked by Ryan Graves.
9:56 of 3rd period - Shot by Matt Bartkowski.
9:56 of 3rd period - Stopped by Anton Forsberg without a rebound.
9:57 of 3rd period - Steven Lorentz wins face-off versus Trevor Lewis in Palm Springs Eager zone.
10:06 of 3rd period - Shot by Trevor Lewis.
10:06 of 3rd period - Shot Misses the Net.
10:08 of 3rd period - Shot by Brendan Smith.
10:08 of 3rd period - Shot Misses the Net.
12:08 of 3rd period - Shot by Oskar Lindblom.
12:08 of 3rd period - Shot Misses the Net.
12:10 of 3rd period - Shot by Markus Niemelainen.
12:10 of 3rd period - Deflect By Derek Ryan.
12:10 of 3rd period - Stopped by Anton Forsberg without a rebound.
12:11 of 3rd period - Scott Reedy wins face-off versus Santeri Virtanen in Palm Springs Eager zone.
12:29 of 3rd period - Shot by Cliff Pu.
12:29 of 3rd period - Deflect By Dennis Yan.
12:29 of 3rd period - Stopped by Anton Forsberg without a rebound.
12:30 of 3rd period - Derek Ryan wins face-off versus Jonathan Toews in Palm Springs Eager zone.
12:43 of 3rd period - Shot by Mike Hardman.
12:43 of 3rd period - Stopped by David Rittich without a rebound.
12:44 of 3rd period - Trevor Lewis wins face-off versus Steven Lorentz in Comets zone.
14:54 of 3rd period - Shot by Frederik Gauthier.
14:54 of 3rd period - Deflect By Michael Raffl.
14:54 of 3rd period - Shot Misses the Net.
16:25 of 3rd period - Shot by Jonathan Toews.
16:25 of 3rd period - Shot Misses the Net.
16:45 of 3rd period - Shot by Derek Ryan.
16:45 of 3rd period - Shot Misses the Net.
16:57 of 3rd period - Shot by Chris Terry.
16:57 of 3rd period - Shot Misses the Net.
16:59 of 3rd period - Shot by Oskar Lindblom.
16:59 of 3rd period - Deflect By Chris Terry.
16:59 of 3rd period - Shot Blocked by Scott Mayfield.
17:01 of 3rd period - Shot by Griffin Reinhart.
17:01 of 3rd period - Stopped by Anton Forsberg without a rebound.
17:02 of 3rd period - Steven Lorentz wins face-off versus Frederik Gauthier in Palm Springs Eager zone.
17:42 of 3rd period - Icing by Griffin Reinhart.
17:43 of 3rd period - Lias Andersson wins face-off versus Frederik Gauthier in Comets zone.
17:48 of 3rd period - Shot by Lias Andersson.
17:48 of 3rd period - Shot Misses the Net.
17:50 of 3rd period - Shot by Colin Miller.
17:50 of 3rd period - Stopped by David Rittich without a rebound.
17:51 of 3rd period - Derek Ryan wins face-off versus Lias Andersson in Comets zone.
18:22 of 3rd period - Icing by Lias Andersson.
18:23 of 3rd period - Trevor Lewis wins face-off versus Lias Andersson in Palm Springs Eager zone.
18:44 of 3rd period - Minor Penalty to Trevor Lewis for Hooking.
18:45 of 3rd period - Oskar Lindblom wins face-off versus Jonathan Toews in Comets zone.
19:00 of 3rd period - Palm Springs Eager, Anton Forsberg is pulled from the net.
19:00 of 3rd period - Shot by Jonathan Toews.
19:00 of 3rd period - Shot Misses the Net.
19:02 of 3rd period - Shot by Ryan Graves.
19:02 of 3rd period - Shot Misses the Net.
19:14 of 3rd period - Shot by Nico Sturm.
19:14 of 3rd period - Shot Blocked by Brandon Davidson.
Goals for this period are 1 for Palm Springs Eager vs 0 for Comets.
Shots for this period are 6 for Palm Springs Eager vs 10 for Comets.